 Dungeon Crawl Stone Soup version 0.21.1-1-g345015f (webtiles) character file.

9 shakethe the Ducker (level 2, -2/22 HPs)
             Began as a Demonspawn Gladiator on Feb 27, 2018.
             Slain by a leopard gecko (3 damage)
             ... on level 1 of the Dungeon.
             The game lasted 00:00:11 (106 turns).

shakethe the Ducker (Demonspawn Gladiator)           Turns: 106, Time: 00:00:12

Health: -2/22      AC:  4    Str: 14    XL:     2   Next: 6%
Magic:  0/2        EV: 12    Int:  9    God:
Gold:   0          SH:  0    Dex: 14    Spells: 1/1 levels left

rFire    . . .     SeeInvis .   a - +0 war axe
rCold    . . .     Gourm    .   (no shield)
rNeg     . . .     Faith    .   b - +0 leather armour
rPois    .         Spirit   +   c - +0 helmet
rElec    .         Reflect  .   (no cloak)
rCorr    .         Harm     .   (no gloves)
MR       .....                  (no boots)
Stlth    +.........             (no amulet)
HPRegen  0.07/turn              (no ring)
MPRegen  0.08/turn              (no ring)

@: no status effects
A: magic shield
a: no special abilities


You were on level 1 of the Dungeon.
You were not hungry.

You visited 1 branch of the dungeon, and saw 1 of its levels.

Inventory:

Hand Weapons
 a - a +0 war axe (weapon)
Missiles
 d - 3 throwing nets {=f, !d}
Armour
 b - a +0 leather armour (worn)
 c - a +0 helmet (worn)
Comestibles
 f - a ration


   Skills:
 + Level 2.2 Fighting
 + Level 2.8 Axes
 + Level 2.0 Throwing
 + Level 2.8 Dodging


You had one spell level left.
You didn't know any spells.

Dungeon Overview and Level Annotations

Branches:
Dungeon (1/15)

Altars:


Innate Abilities, Weirdness & Mutations

When hurt, damage is shared between your health and your magic reserves.


Message History

No target in view!
A bat comes into view.
The bat hits you but does no damage.
You hit the bat but do no damage. The bat barely misses you.
No target in view!
No target in view!
No target in view!
No target in view!
No target in view!
No target in view!
No target in view!
No target in view!
A kobold comes into view.
The bat hits you but does no damage.
A leopard gecko comes into view.
The leopard gecko hisses angrily.
The bat closely misses you.
You miss the bat. The bat closely misses you. The bat barely misses you.
You hit the kobold but do no damage. You slash the bat!
You kill the bat!
The kobold closely misses you. The kobold hits you but does no damage.
You hit the kobold.
You kill the kobold!
The leopard gecko bites you. The leopard gecko barely misses you.
You see here a kobold corpse.
You take 2 damage, and have 14/16 hp.
You hit the leopard gecko but do no damage.
The leopard gecko barely misses you.
You hit the leopard gecko. The leopard gecko closely misses you.
The leopard gecko barely misses you.
You barely miss the leopard gecko.
The leopard gecko closely misses you. x2
You barely miss the leopard gecko. The leopard gecko closely misses you.
You barely miss the leopard gecko. The leopard gecko bites you. x2
You take 2 damage, and have 12/16 hp.
You closely miss the leopard gecko. The leopard gecko bites you.
You take 2 damage, and have 10/16 hp.
You slash the leopard gecko!
You kill the leopard gecko!
No target in view!
No target in view!
No target in view!
You see here 23 bolts.
You see here a dagger.
Found a stone staircase leading down.
No target in view!
No target in view!
No target in view!
No target in view!
No target in view!
No target in view!
No target in view!
A dart slug comes into view.
A rat and a giant cockroach come into view.
The giant cockroach moves out of view.
A leopard gecko comes into view.
The leopard gecko hisses angrily.
The dart slug launches a dart at you. The slug dart hits you!
The giant cockroach barely misses you.
You take 5 damage, and have 7/16 hp.
MASSIVE DAMAGE!!
The rat barely misses you. The giant cockroach bites you.
You take 1 damage, and have 7/16 hp.
You barely miss the giant cockroach.
The giant cockroach completely misses you.
You hit the giant cockroach but do no damage.
The giant cockroach closely misses you.
The giant cockroach bites you but does no damage.
You hit the giant cockroach.
The giant cockroach bites you but does no damage.
The giant cockroach closely misses you.
You closely miss the giant cockroach. The giant cockroach barely misses you.
You hit the giant cockroach but do no damage.
The giant cockroach closely misses you. The giant cockroach misses you.
You hit the giant cockroach.
You kill the giant cockroach!
You hit the rat.
You kill the rat!
Your Throwing skill increases to level 2!
You hit the dart slug but do no damage. The dart slug launches a dart at you.
The slug dart hits you!
* * * LOW HITPOINT WARNING * * *
You take 5 damage, and have 2/16 hp.
MASSIVE DAMAGE!!
You slash the dart slug!
The dart slug bites you but does no damage.
You hit the dart slug.
You kill the dart slug!
You have reached level 2!
Your demonic ancestry asserts itself...
You feel your magical essence form a protective shroud around your flesh.
MP restored: 2 You barely miss the leopard gecko.
The leopard gecko bites you but does no damage.
The leopard gecko bites you.
* * * LOW HITPOINT WARNING * * *
You take 2 damage, and have 1/22 hp.
You now have 0/2 mp.
You miss the leopard gecko. The leopard gecko bites you.
You die...

#.........#.# ...
#.........#..# ..
.
#.........##.##..
.. ##.......##
..#. ..# ##.....##
.. ..
##...######.#.###.
##.........l...l.
#.######..#
#...@l....#
########..# #.....
#..#.## #......
#.####.# #.# .# .#


You could see a leopard gecko.

Vanquished Creatures
  A dart slug (D:1)
  A leopard gecko (D:1)
  2 bats (D:1)
  A giant cockroach (D:1)
  A kobold (D:1)
  A rat (D:1)
7 creatures vanquished.

Notes
Turn   | Place    | Note
-------+----------+-------------------------------------------
     0 | D:1      | shakethe the Demonspawn Gladiator began the quest for the Orb.
     0 | D:1      | Reached XP level 1. HP: 16/16 MP: 1/1
   101 | D:1      | Reached skill level 2 in Throwing
   102 | D:1      | HP: 2/16 [dart slug/slug dart (5)]
   104 | D:1      | Gained mutation: When hurt, damage is shared between your health and your magic reserves. [demonic ancestry]
   104 | D:1      | Reached XP level 2. HP: 3/22 MP: 2/2
   106 | D:1      | Slain by a leopard gecko

Skill      XL: |  1 |
---------------+----+-----
Throwing       | 2 |  2.0
Fighting       | |  2.2
Axes           | |  2.8
Dodging        | |  2.8

Action                   || total
-------------------------++-------
Melee: War axe           ||    29
Armor: Leather armour    ||    13
Dodge: Dodged            ||    29

Vault maps used:
D:1:      elethiomel_arrival_infinity_welcomes_careful_drivers,
          kennysheep_decorative_pillar, minmay_misc_feat_doors,
          minmay_surrounded

Table legend:
 A = Turns spent in this place as a percentage of turns spent in the entire game.
 B = Non-inter-level travel turns spent in this place as a percentage of non-inter-level travel turns spent in the entire game.
 C = Inter-level travel turns spent in this place as a percentage of turns spent in this place.
 D = Turns resting spent in this place as a percentage of non-inter-level travel turns spent in this place.
 E = Turns spent auto-exploring this place as a percentage of non-inter-level travel turns spent in this place.
 F = Non-inter-level travel turns spent in this place divided by the number of levels of this place that you've seen.
                   A       B       C       D       E      F
               +-------+-------+-------+-------+-------+----------------------
         Total | 100.0 | 100.0 |   0.0 |   0.0 |  55.7 | 106.0
       Dungeon | 100.0 | 100.0 |   0.0 |   0.0 |  55.7 | 106.0
               +-------+-------+-------+-------+-------+----------------------

Table legend:
 A = Kills in this place as a percentage of kills in entire the game.
 B = Kills by you in this place as a percentage of kills by you in the entire game.
 C = Kills by friends in this place as a percentage of kills by friends in the entire game.
 D = Other kills in this place as a percentage of other kills in the entire game.
 E = Experience gained in this place as a percentage of experience gained in the entire game.
 F = Experience gained in this place divided by the number of levels of this place that you have seen.
                   A       B       C       D       E      F
               +-------+-------+-------+-------+-------+----------------------
         Total | 100.0 | 100.0 |   N/A |   N/A | 100.0 |  14.0
       Dungeon | 100.0 | 100.0 |   N/A |   N/A | 100.0 |  14.0
               +-------+-------+-------+-------+-------+----------------------
